Connexion

BOSTON Bruins vs LAS VEGAS Golden Knights

Created - 20 novembre 2023 at 07:40

Goals
1 2 3 T
BOSTON Bruins 3 1 1 5
LAS VEGAS Golden Knights 0 1 0 1
Shots
1 2 3 T
BOSTON Bruins 15 5 10 30
LAS VEGAS Golden Knights 8 16 9 33

GoalsPenalties
1st period
1. BOSTON Bruins , Andre Burakovsky 11 (Kaapo Kakko 15, Adam Boqvist 25) at 9:25 (PP)
2. BOSTON Bruins , Alex Iafallo 5 (Zachary Senyshyn 3, Adam Boqvist 26) at 10:09
3. BOSTON Bruins , Alex Iafallo 6 (Adam Boqvist 27, Thomas Novak 11) at 11:17
Luke Kunin (L-V) for High sticking (Minor) at 2:45
Nikita Zaitsev (L-V) for Tripping (Minor) at 5:11
Luke Kunin (L-V) for Roughing (Minor) at 9:17
2nd period
4. LAS VEGAS Golden Knights , Keegan Kolesar 3 (Kirby Dach 3, Brady Skjei 13) at 14:40
5. BOSTON Bruins , Elias Pettersson 11 (Mikael Granlund 31, Adam Boqvist 28) at 17:49
Jacob Markstrom (BOS) for Delaying the game (Minor) at 9:00 - Matt Dumba served the penalty.
3rd period
6. BOSTON Bruins , Andre Burakovsky 12 (Adam Boqvist 29) at 1:28
Pavel Zacha (L-V) for Slashing (Minor) at 3:00
Nikita Zaitsev (L-V) for Roughing (Minor) at 9:37
Dmitri Orlov (BOS) for Tripping (Minor) at 12:24
Chris Kreider (BOS) for Hooking (Minor) at 15:25
Brady Skjei (L-V) for Interference (Minor) at 17:37
Zachary Senyshyn (BOS) for Roughing (Minor) at 17:37
Goalie Stats
Jacob Markstrom (BOS), 32 saves from 33 shots - (0,970), W, 11-7-2, 60:00 minutes
Dan Vladar (L-V), 9 saves from 9 shots - (1,000), 18:32 minutes
Ilya Sorokin (L-V), 16 saves from 21 shots - (0,762), L, 14-14-4, 41:28 minutes
3 StarsOfficial
1 - Adam Boqvist (BOS)
2 - Alex Iafallo (BOS)
3 - Andre Burakovsky (BOS)
Referees : Francois StLaurent and Kerry Fraser
Linesman : Vaughan Rody and Tim Nowak
Game Note
Dan Vladar enters game at 1:28 of 3rd period
Finance
Level 1 -- Attendance: 1665 (27,75%) -- Ticket Income 666 000 $
Level 2 -- Attendance: 1675 (33,50%) -- Ticket Income 418 750 $
Level 3 -- Attendance: 954 (47,70%) -- Ticket Income 104 940 $
Level 4 -- Attendance: 1666 (41,65%) -- Ticket Income 124 950 $
Luxury Box -- Attendance: 282 (28,20%) -- Ticket Income 267 900 $
Total Attendance: 6242 (34,68%)
Total Ticket Income: 1 582 540 $
Other Income: 316 508 $
Total Income: 1 899 048 $



Team Name Goals Shots Shots Attemp Shots Blocked PIM HIT PP PK FO%
BOSTON Bruins 5305168161 / 5 (20%)038%
LAS VEGAS Golden Knights 13358412160 / 3 (0%)162%

BOSTON Bruins
Player Name POS G A P +/- PIM HIT SHT SB MP PP MP PP SHT PK MP PK SHT FO% FOT
Adam BoqvistD0554003021:444:1932:2700% 0
Alex IafalloC/LW2022005011:090:0000:0000% 0
Andre BurakovskyC/LW/RW2020013021:564:3724:09030% 27
Brandon TanevLW/RW000000105:040:0000:0900% 0
Chris KreiderLW/RW0000230018:334:3700:16033% 6
Dmitri OrlovD000-1201324:333:4512:2500% 0
Elias PetterssonC1011002020:583:2701:39033% 24
Henri JokiharjuD0000000014:110:0001:3400% 0
Jonathan MarchessaultRW0001011018:483:2700:00067% 3
Kaapo KakkoRW0110003018:054:3710:000100% 1
Matt DumbaD000-1032124:093:4522:0000% 0
Max LajoieD0000010012:370:0000:0000% 0
Mikael GranlundC/LW0111025123:433:2704:020100% 1
Rasmus AnderssonD0004010022:454:1903:2800% 0
Ryan Carpenter C/RW000000116:340:0001:390100% 4
Thomas NovakC0112012011:090:0000:00033% 12
Walker DuehrRW000001004:550:0000:0000% 0
Zachary SenyshynRW0112221011:080:0000:0000% 0
LAS VEGAS Golden Knights
Player Name POS G A P +/- PIM HIT SHT SB MP PP MP PP SHT PK MP PK SHT FO% FOT
Alex GalchenyukC/LW000-2013117:512:1714:42055% 11
Alex KerfootC/LW000-2000014:232:1700:00065% 17
Artem AnisimovC/LW0000010011:380:0000:00067% 9
Brady SkjeiD0110201015:050:0004:1300% 0
Cole CaufieldRW0000001013:470:0002:09050% 2
Filip HronekD000-2001023:172:4213:5100% 0
J.T. MillerC/LW/RW000-2026124:083:4024:0310% 0
Jack JohnsonD000-2020019:200:0004:2500% 0
Jakub ZborilD0000004015:342:4221:5900% 0
Jayce HawrylukC/RW000101206:190:0000:0000% 0
Keegan KolesarRW101100208:580:0002:3900% 0
Kirby DachC/RW011100106:190:0000:00075% 8
Luke KuninC/RW000-2413013:072:1700:0000% 0
Nick SeelerD000-1051121:373:1510:0000% 0
Nikita ZaitsevD000-1422125:043:1521:4000% 0
Pavel ZachaC/LW000-2213022:103:4012:35067% 6
Philip KurashevC/LW/RW0000000011:380:0000:0000% 0
Ryan Nugent-HopkinsC/LW000-2003019:363:4010:00056% 25



Play-by-Play

1st period


0:01 of 1st period - Pavel Zacha wins face-off versus Jonathan Marchessault in neutral zone.
0:09 of 1st period - Shot by Ryan Nugent-Hopkins.
0:09 of 1st period - Stopped by Jacob Markstrom without a rebound.
0:10 of 1st period - Andre Burakovsky wins face-off versus Alex Kerfoot in BOSTON Bruins zone.
0:23 of 1st period - Shot by Andre Burakovsky.
0:23 of 1st period - Shot Misses the Net.
0:31 of 1st period - Shot by Andre Burakovsky.
0:31 of 1st period - Shot Blocked by Alex Galchenyuk.
0:37 of 1st period - Shot by Kaapo Kakko.
0:37 of 1st period - Stopped by Ilya Sorokin without a rebound.
0:38 of 1st period - Artem Anisimov wins face-off versus Thomas Novak in LAS VEGAS Golden Knights zone.
0:38 of 1st period - Artem Anisimov is hit by Zachary Senyshyn.
1:21 of 1st period - Icing by Jakub Zboril.
1:22 of 1st period - Artem Anisimov wins face-off versus Elias Pettersson in LAS VEGAS Golden Knights zone.
2:00 of 1st period - Shot by Ryan Nugent-Hopkins.
2:00 of 1st period - Shot Blocked by Dmitri Orlov.
2:05 of 1st period - Pavel Zacha is hit by Matt Dumba and loses puck.
2:45 of 1st period - Minor Penalty to Luke Kunin for High sticking.
2:46 of 1st period - Andre Burakovsky wins face-off versus Alex Galchenyuk in LAS VEGAS Golden Knights zone.
3:07 of 1st period - Shot by Andre Burakovsky.
3:07 of 1st period - Stopped by Ilya Sorokin without a rebound.
3:08 of 1st period - Andre Burakovsky wins face-off versus Alex Galchenyuk in LAS VEGAS Golden Knights zone.
4:35 of 1st period - Icing by Dmitri Orlov.
4:36 of 1st period - Chris Kreider wins face-off versus Pavel Zacha in BOSTON Bruins zone.
5:00 of 1st period - Shot by Ryan Carpenter .
5:00 of 1st period - Shot Blocked by Nick Seeler.
5:02 of 1st period - Shot by Henri Jokiharju.
5:02 of 1st period - Shot Misses the Net.
5:04 of 1st period - Shot by Max Lajoie.
5:04 of 1st period - Shot Misses the Net.
5:06 of 1st period - Shot by Ryan Carpenter .
5:06 of 1st period - Shot Blocked by Nikita Zaitsev.
5:09 of 1st period - Ryan Carpenter is hit by Nick Seeler and loses puck.
5:11 of 1st period - Minor Penalty to Nikita Zaitsev for Tripping.
5:12 of 1st period - Jonathan Marchessault wins face-off versus Pavel Zacha in LAS VEGAS Golden Knights zone.
5:31 of 1st period - Shot by Adam Boqvist.
5:31 of 1st period - Shot Misses the Net.
6:44 of 1st period - Shot by Dmitri Orlov.
6:44 of 1st period - Shot Misses the Net.
6:59 of 1st period - Icing by Elias Pettersson.
7:00 of 1st period - Alex Galchenyuk wins face-off versus Elias Pettersson in BOSTON Bruins zone.
7:01 of 1st period - Shot by J.T. Miller.
7:01 of 1st period - Stopped by Jacob Markstrom without a rebound.
7:02 of 1st period - Pavel Zacha wins face-off versus Chris Kreider in BOSTON Bruins zone.
7:30 of 1st period - Shot by Jayce Hawryluk.
7:30 of 1st period - Stopped by Jacob Markstrom without a rebound.
7:31 of 1st period - Ryan Carpenter wins face-off versus Artem Anisimov in BOSTON Bruins zone.
8:12 of 1st period - Shot by Ryan Carpenter .
8:12 of 1st period - Stopped by Ilya Sorokin without a rebound.
8:13 of 1st period - Ryan Nugent-Hopkins wins face-off versus Elias Pettersson in LAS VEGAS Golden Knights zone.
8:27 of 1st period - Dmitri Orlov is hit by Nick Seeler and loses puck.
9:17 of 1st period - Minor Penalty to Luke Kunin for Roughing.
9:18 of 1st period - Chris Kreider wins face-off versus Alex Galchenyuk in LAS VEGAS Golden Knights zone.
9:19 of 1st period - Shot by Adam Boqvist.
9:19 of 1st period - Stopped by Ilya Sorokin with a rebound.
9:21 of 1st period - Shot by Kaapo Kakko.
9:21 of 1st period - Stopped by Ilya Sorokin with a rebound.
9:25 of 1st period - Shot by Kaapo Kakko.
9:25 of 1st period - Deflect By Andre Burakovsky.
9:25 of 1st period - Goal by Andre Burakovsky - BOSTON Bruins : 1 - LAS VEGAS Golden Knights : 0.
9:26 of 1st period - Alex Kerfoot wins face-off versus Thomas Novak in neutral zone.
9:41 of 1st period - Shot by Thomas Novak.
9:41 of 1st period - Stopped by Ilya Sorokin with a rebound.
10:07 of 1st period - Shot by Zachary Senyshyn.
10:07 of 1st period - Stopped by Ilya Sorokin with a rebound.
10:09 of 1st period - Shot by Alex Iafallo.
10:09 of 1st period - Goal by Alex Iafallo - BOSTON Bruins : 2 - LAS VEGAS Golden Knights : 0.
10:10 of 1st period - Kirby Dach wins face-off versus Andre Burakovsky in neutral zone.
10:46 of 1st period - Shot by Keegan Kolesar.
10:46 of 1st period - Deflect By Jayce Hawryluk.
10:46 of 1st period - Stopped by Jacob Markstrom without a rebound.
10:47 of 1st period - Mikael Granlund wins face-off versus Ryan Nugent-Hopkins in BOSTON Bruins zone.
10:56 of 1st period - Shot by Mikael Granlund.
10:56 of 1st period - Stopped by Ilya Sorokin with a rebound.
10:58 of 1st period - Shot by Jonathan Marchessault.
10:58 of 1st period - Stopped by Ilya Sorokin without a rebound.
10:59 of 1st period - Alex Kerfoot wins face-off versus Thomas Novak in LAS VEGAS Golden Knights zone.
11:07 of 1st period - Icing by Rasmus Andersson.
11:08 of 1st period - Thomas Novak wins face-off versus Ryan Nugent-Hopkins in BOSTON Bruins zone.
11:17 of 1st period - Shot by Alex Iafallo.
11:17 of 1st period - Goal by Alex Iafallo - BOSTON Bruins : 3 - LAS VEGAS Golden Knights : 0.
11:18 of 1st period - Elias Pettersson wins face-off versus Alex Kerfoot in neutral zone.
11:25 of 1st period - Shot by Mikael Granlund.
11:25 of 1st period - Stopped by Ilya Sorokin with a rebound.
11:28 of 1st period - Icing by Jack Johnson.
11:29 of 1st period - Alex Galchenyuk wins face-off versus Andre Burakovsky in LAS VEGAS Golden Knights zone.
11:50 of 1st period - Shot by Luke Kunin.
11:50 of 1st period - Stopped by Jacob Markstrom without a rebound.
11:51 of 1st period - Ryan Nugent-Hopkins wins face-off versus Elias Pettersson in BOSTON Bruins zone.
12:00 of 1st period - Off-side.
12:01 of 1st period - Elias Pettersson wins face-off versus Ryan Nugent-Hopkins in neutral zone.
12:06 of 1st period - Icing by Ryan Nugent-Hopkins.
12:07 of 1st period - Elias Pettersson wins face-off versus Ryan Nugent-Hopkins in LAS VEGAS Golden Knights zone.
12:07 of 1st period - Jonathan Marchessault is hit by Nikita Zaitsev and loses puck.
12:21 of 1st period - Icing by Filip Hronek.
12:22 of 1st period - Ryan Nugent-Hopkins wins face-off versus Andre Burakovsky in LAS VEGAS Golden Knights zone.
12:29 of 1st period - Adam Boqvist is hit by J.T. Miller and loses puck.
12:44 of 1st period - Shot by Filip Hronek.
12:44 of 1st period - Shot Misses the Net.
12:46 of 1st period - Shot by Ryan Nugent-Hopkins.
12:46 of 1st period - Shot Misses the Net.
12:50 of 1st period - Shot by Ryan Nugent-Hopkins.
12:50 of 1st period - Stopped by Jacob Markstrom without a rebound.
12:51 of 1st period - Elias Pettersson wins face-off versus Alex Kerfoot in BOSTON Bruins zone.
13:06 of 1st period - Shot by Mikael Granlund.
13:06 of 1st period - Stopped by Ilya Sorokin without a rebound.
13:07 of 1st period - Thomas Novak wins face-off versus Artem Anisimov in LAS VEGAS Golden Knights zone.
14:00 of 1st period - Elias Pettersson is hit by Artem Anisimov and loses puck.
14:07 of 1st period - Artem Anisimov is hit by Mikael Granlund and loses puck.
14:32 of 1st period - Mikael Granlund is hit by Nick Seeler and loses puck.
15:04 of 1st period - Icing by Adam Boqvist.
15:05 of 1st period - Kaapo Kakko wins face-off versus Alex Kerfoot in BOSTON Bruins zone.
15:47 of 1st period - Andre Burakovsky is hit by Alex Galchenyuk and loses puck.
16:53 of 1st period - Walker Duehr is hit by Jack Johnson.
17:25 of 1st period - Shot by Pavel Zacha.
17:25 of 1st period - Deflect By J.T. Miller.
17:25 of 1st period - Stopped by Jacob Markstrom with a rebound.
17:27 of 1st period - Shot by Pavel Zacha.
17:27 of 1st period - Stopped by Jacob Markstrom without a rebound.
17:28 of 1st period - Jonathan Marchessault wins face-off versus Kirby Dach in BOSTON Bruins zone.
17:36 of 1st period - Mikael Granlund is hit by Nick Seeler and loses puck.
17:49 of 1st period - Keegan Kolesar is hit by Jonathan Marchessault.
18:11 of 1st period - Mikael Granlund is hit by Jayce Hawryluk and loses puck.
19:15 of 1st period - Shot by Alex Iafallo.
19:15 of 1st period - Stopped by Ilya Sorokin without a rebound.
19:16 of 1st period - Ryan Nugent-Hopkins wins face-off versus Andre Burakovsky in LAS VEGAS Golden Knights zone.
19:16 of 1st period - J.T. Miller is hit by Andre Burakovsky.
19:48 of 1st period - Icing by Nikita Zaitsev.
19:49 of 1st period - Ryan Carpenter wins face-off versus Ryan Nugent-Hopkins in LAS VEGAS Golden Knights zone.
Goals for this period are 3 for BOSTON Bruins vs 0 for LAS VEGAS Golden Knights.
Shots for this period are 15 for BOSTON Bruins vs 8 for LAS VEGAS Golden Knights.

2nd period


0:01 of 2nd period - Elias Pettersson wins face-off versus Ryan Nugent-Hopkins in neutral zone.
1:05 of 2nd period - Shot by Alex Galchenyuk.
1:05 of 2nd period - Stopped by Jacob Markstrom without a rebound.
1:06 of 2nd period - Kirby Dach wins face-off versus Andre Burakovsky in BOSTON Bruins zone.
1:13 of 2nd period - Shot by Jayce Hawryluk.
1:13 of 2nd period - Deflect By Keegan Kolesar.
1:13 of 2nd period - Shot Misses the Net.
1:15 of 2nd period - Shot by Keegan Kolesar.
1:15 of 2nd period - Stopped by Jacob Markstrom with a rebound.
1:32 of 2nd period - Off-side.
1:33 of 2nd period - Thomas Novak wins face-off versus Alex Kerfoot in neutral zone.
2:04 of 2nd period - Shot by Thomas Novak.
2:04 of 2nd period - Deflect By Alex Iafallo.
2:04 of 2nd period - Stopped by Ilya Sorokin without a rebound.
2:05 of 2nd period - Ryan Nugent-Hopkins wins face-off versus Andre Burakovsky in LAS VEGAS Golden Knights zone.
2:51 of 2nd period - Adam Boqvist is hit by Jack Johnson and loses puck.
3:03 of 2nd period - Icing by Andre Burakovsky.
3:04 of 2nd period - Alex Kerfoot wins face-off versus Chris Kreider in BOSTON Bruins zone.
5:32 of 2nd period - Adam Boqvist is hit by Pavel Zacha and loses puck.
5:43 of 2nd period - Shot by J.T. Miller.
5:43 of 2nd period - Deflect By Pavel Zacha.
5:43 of 2nd period - Shot Misses the Net.
5:49 of 2nd period - Shot by J.T. Miller.
5:49 of 2nd period - Stopped by Jacob Markstrom without a rebound.
5:50 of 2nd period - Alex Kerfoot wins face-off versus Andre Burakovsky in BOSTON Bruins zone.
5:54 of 2nd period - Luke Kunin is hit by Matt Dumba and loses puck.
7:33 of 2nd period - Shot by Pavel Zacha.
7:33 of 2nd period - Stopped by Jacob Markstrom without a rebound.
7:34 of 2nd period - Kirby Dach wins face-off versus Thomas Novak in BOSTON Bruins zone.
7:48 of 2nd period - Icing by Rasmus Andersson.
7:49 of 2nd period - Artem Anisimov wins face-off versus Thomas Novak in BOSTON Bruins zone.
7:50 of 2nd period - Shot by Philip Kurashev.
7:50 of 2nd period - Shot Misses the Net.
8:06 of 2nd period - Shot by Artem Anisimov.
8:06 of 2nd period - Shot Misses the Net.
8:18 of 2nd period - Shot by Thomas Novak.
8:18 of 2nd period - Stopped by Ilya Sorokin with a rebound.
8:23 of 2nd period - Artem Anisimov is hit by Rasmus Andersson and loses puck.
8:32 of 2nd period - Artem Anisimov is hit by Thomas Novak and loses puck.
8:44 of 2nd period - Icing by Artem Anisimov.
8:45 of 2nd period - Elias Pettersson wins face-off versus Artem Anisimov in LAS VEGAS Golden Knights zone.
8:48 of 2nd period - Shot by Mikael Granlund.
8:48 of 2nd period - Stopped by Ilya Sorokin without a rebound.
8:49 of 2nd period - Ryan Nugent-Hopkins wins face-off versus Elias Pettersson in LAS VEGAS Golden Knights zone.
9:00 of 2nd period - Shot by J.T. Miller.
9:00 of 2nd period - Stopped by Jacob Markstrom without a rebound.
9:00 of 2nd period - Minor Penalty to Jacob Markstrom for Delaying the game.
9:01 of 2nd period - Pavel Zacha wins face-off versus Andre Burakovsky in BOSTON Bruins zone.
9:02 of 2nd period - Shot by Jakub Zboril.
9:02 of 2nd period - Shot Misses the Net.
9:04 of 2nd period - Shot by Filip Hronek.
9:04 of 2nd period - Stopped by Jacob Markstrom with a rebound.
9:06 of 2nd period - Shot by Filip Hronek.
9:06 of 2nd period - Deflect By Ryan Nugent-Hopkins.
9:06 of 2nd period - Stopped by Jacob Markstrom without a rebound.
9:07 of 2nd period - Andre Burakovsky wins face-off versus Ryan Nugent-Hopkins in BOSTON Bruins zone.
9:18 of 2nd period - Shot by Filip Hronek.
9:18 of 2nd period - Shot Misses the Net.
9:20 of 2nd period - Shot by J.T. Miller.
9:20 of 2nd period - Stopped by Jacob Markstrom with a rebound.
9:22 of 2nd period - Shot by Pavel Zacha.
9:22 of 2nd period - Stopped by Jacob Markstrom without a rebound.
9:23 of 2nd period - Alex Kerfoot wins face-off versus Andre Burakovsky in BOSTON Bruins zone.
9:24 of 2nd period - Shot by Luke Kunin.
9:24 of 2nd period - Shot Blocked by Dmitri Orlov.
9:26 of 2nd period - Shot by Luke Kunin.
9:26 of 2nd period - Shot Misses the Net.
9:32 of 2nd period - Shot by Alex Kerfoot.
9:32 of 2nd period - Deflect By Alex Galchenyuk.
9:32 of 2nd period - Shot Misses the Net.
9:34 of 2nd period - Shot by Nikita Zaitsev.
9:34 of 2nd period - Stopped by Jacob Markstrom without a rebound.
9:35 of 2nd period - Ryan Nugent-Hopkins wins face-off versus Andre Burakovsky in BOSTON Bruins zone.
9:42 of 2nd period - Shot by Pavel Zacha.
9:42 of 2nd period - Shot Misses the Net.
10:06 of 2nd period - Shot by Filip Hronek.
10:06 of 2nd period - Shot Misses the Net.
10:08 of 2nd period - Shot by Filip Hronek.
10:08 of 2nd period - Shot Blocked by Dmitri Orlov.
10:42 of 2nd period - Shot by Alex Kerfoot.
10:42 of 2nd period - Shot Blocked by Ryan Carpenter .
10:58 of 2nd period - Rasmus Andersson is hit by Luke Kunin and loses puck.
12:15 of 2nd period - Off-side.
12:16 of 2nd period - Elias Pettersson wins face-off versus Ryan Nugent-Hopkins in neutral zone.
13:20 of 2nd period - Shot by Kaapo Kakko.
13:20 of 2nd period - Stopped by Ilya Sorokin without a rebound.
13:21 of 2nd period - Ryan Carpenter wins face-off versus Alex Kerfoot in LAS VEGAS Golden Knights zone.
13:30 of 2nd period - Shot by Luke Kunin.
13:30 of 2nd period - Stopped by Jacob Markstrom without a rebound.
13:31 of 2nd period - Alex Kerfoot wins face-off versus Andre Burakovsky in BOSTON Bruins zone.
13:34 of 2nd period - Shot by Jakub Zboril.
13:34 of 2nd period - Stopped by Jacob Markstrom without a rebound.
13:35 of 2nd period - Alex Kerfoot wins face-off versus Andre Burakovsky in BOSTON Bruins zone.
14:38 of 2nd period - Shot by Kirby Dach.
14:38 of 2nd period - Stopped by Jacob Markstrom with a rebound.
14:40 of 2nd period - Shot by Keegan Kolesar.
14:40 of 2nd period - Goal by Keegan Kolesar - BOSTON Bruins : 3 - LAS VEGAS Golden Knights : 1.
14:41 of 2nd period - Elias Pettersson wins face-off versus Ryan Nugent-Hopkins in neutral zone.
16:23 of 2nd period - Jack Johnson is hit by Walker Duehr and loses puck.
16:42 of 2nd period - Shot by Luke Kunin.
16:42 of 2nd period - Stopped by Jacob Markstrom without a rebound.
16:43 of 2nd period - Artem Anisimov wins face-off versus Andre Burakovsky in BOSTON Bruins zone.
17:49 of 2nd period - Shot by Elias Pettersson.
17:49 of 2nd period - Goal by Elias Pettersson - BOSTON Bruins : 4 - LAS VEGAS Golden Knights : 1.
17:50 of 2nd period - Alex Kerfoot wins face-off versus Thomas Novak in neutral zone.
18:18 of 2nd period - Shot by Alex Galchenyuk.
18:18 of 2nd period - Stopped by Jacob Markstrom without a rebound.
18:19 of 2nd period - Pavel Zacha wins face-off versus Elias Pettersson in BOSTON Bruins zone.
18:22 of 2nd period - Shot by Ryan Nugent-Hopkins.
18:22 of 2nd period - Shot Misses the Net.
18:24 of 2nd period - Shot by Filip Hronek.
18:24 of 2nd period - Shot Misses the Net.
18:35 of 2nd period - Icing by Elias Pettersson.
18:36 of 2nd period - Artem Anisimov wins face-off versus Elias Pettersson in BOSTON Bruins zone.
19:29 of 2nd period - Icing by Andre Burakovsky.
19:30 of 2nd period - Andre Burakovsky wins face-off versus Ryan Nugent-Hopkins in BOSTON Bruins zone.
Goals for this period are 1 for BOSTON Bruins vs 1 for LAS VEGAS Golden Knights.
Shots for this period are 5 for BOSTON Bruins vs 16 for LAS VEGAS Golden Knights.

3rd period


0:01 of 3rd period - Ryan Nugent-Hopkins wins face-off versus Elias Pettersson in neutral zone.
0:16 of 3rd period - Shot by Elias Pettersson.
0:16 of 3rd period - Shot Misses the Net.
0:21 of 3rd period - Elias Pettersson is hit by Nikita Zaitsev and loses puck.
0:46 of 3rd period - Shot by Jonathan Marchessault.
0:46 of 3rd period - Shot Misses the Net.
1:08 of 3rd period - Brady Skjei is hit by Chris Kreider and loses puck.
1:19 of 3rd period - Brady Skjei is hit by Chris Kreider and loses puck.
1:28 of 3rd period - Shot by Andre Burakovsky.
1:28 of 3rd period - Goal by Andre Burakovsky - BOSTON Bruins : 5 - LAS VEGAS Golden Knights : 1.
1:28 of 3rd period - Dan Vladar enters game.
1:29 of 3rd period - Kirby Dach wins face-off versus Thomas Novak in neutral zone.
1:38 of 3rd period - Nick Seeler is hit by Zachary Senyshyn and loses puck.
2:06 of 3rd period - Icing by Nikita Zaitsev.
2:07 of 3rd period - Kirby Dach wins face-off versus Elias Pettersson in LAS VEGAS Golden Knights zone.
2:14 of 3rd period - Shot by Keegan Kolesar.
2:14 of 3rd period - Shot Misses the Net.
2:21 of 3rd period - Icing by Dmitri Orlov.
2:22 of 3rd period - Ryan Nugent-Hopkins wins face-off versus Elias Pettersson in BOSTON Bruins zone.
2:25 of 3rd period - Shot by J.T. Miller.
2:25 of 3rd period - Shot Misses the Net.
3:00 of 3rd period - Minor Penalty to Pavel Zacha for Slashing.
3:01 of 3rd period - Andre Burakovsky wins face-off versus Alex Galchenyuk in LAS VEGAS Golden Knights zone.
3:15 of 3rd period - Icing by Andre Burakovsky.
3:16 of 3rd period - Alex Galchenyuk wins face-off versus Chris Kreider in BOSTON Bruins zone.
3:39 of 3rd period - Shot by Adam Boqvist.
3:39 of 3rd period - Stopped by Dan Vladar with a rebound.
3:41 of 3rd period - Shot by Kaapo Kakko.
3:41 of 3rd period - Shot Misses the Net.
4:11 of 3rd period - Shot by Dmitri Orlov.
4:11 of 3rd period - Stopped by Dan Vladar without a rebound.
4:12 of 3rd period - Cole Caufield wins face-off versus Elias Pettersson in LAS VEGAS Golden Knights zone.
4:12 of 3rd period - Cole Caufield is hit by Mikael Granlund.
4:32 of 3rd period - Shot by Matt Dumba.
4:32 of 3rd period - Shot Misses the Net.
4:34 of 3rd period - Shot by Matt Dumba.
4:34 of 3rd period - Shot Misses the Net.
4:36 of 3rd period - Shot by Matt Dumba.
4:36 of 3rd period - Stopped by Dan Vladar without a rebound.
4:37 of 3rd period - Alex Galchenyuk wins face-off versus Andre Burakovsky in LAS VEGAS Golden Knights zone.
5:24 of 3rd period - Shot by Alex Iafallo.
5:24 of 3rd period - Stopped by Dan Vladar without a rebound.
5:25 of 3rd period - Artem Anisimov wins face-off versus Elias Pettersson in LAS VEGAS Golden Knights zone.
5:56 of 3rd period - Shot by Elias Pettersson.
5:56 of 3rd period - Stopped by Dan Vladar without a rebound.
5:57 of 3rd period - Alex Kerfoot wins face-off versus Andre Burakovsky in LAS VEGAS Golden Knights zone.
6:21 of 3rd period - Icing by Kaapo Kakko.
6:22 of 3rd period - Ryan Nugent-Hopkins wins face-off versus Andre Burakovsky in BOSTON Bruins zone.
6:22 of 3rd period - Ryan Nugent-Hopkins is hit by Matt Dumba.
7:26 of 3rd period - Shot by Mikael Granlund.
7:26 of 3rd period - Stopped by Dan Vladar without a rebound.
7:27 of 3rd period - Thomas Novak wins face-off versus Cole Caufield in LAS VEGAS Golden Knights zone.
7:52 of 3rd period - Shot by Jakub Zboril.
7:52 of 3rd period - Stopped by Jacob Markstrom without a rebound.
7:53 of 3rd period - Alex Galchenyuk wins face-off versus Elias Pettersson in BOSTON Bruins zone.
8:00 of 3rd period - Shot by Luke Kunin.
8:00 of 3rd period - Shot Misses the Net.
9:37 of 3rd period - Minor Penalty to Nikita Zaitsev for Roughing.
9:38 of 3rd period - Andre Burakovsky wins face-off versus Alex Galchenyuk in LAS VEGAS Golden Knights zone.
9:39 of 3rd period - Shot by Dmitri Orlov.
9:39 of 3rd period - Shot Misses the Net.
9:53 of 3rd period - Shot by Matt Dumba.
9:53 of 3rd period - Stopped by Dan Vladar without a rebound.
9:54 of 3rd period - Alex Galchenyuk wins face-off versus Elias Pettersson in LAS VEGAS Golden Knights zone.
10:21 of 3rd period - Shot by Adam Boqvist.
10:21 of 3rd period - Stopped by Dan Vladar with a rebound.
10:23 of 3rd period - Shot by Elias Pettersson.
10:23 of 3rd period - Shot Misses the Net.
10:55 of 3rd period - Shot by Pavel Zacha.
10:55 of 3rd period - Shot Misses the Net.
11:38 of 3rd period - Adam Boqvist is hit by Nick Seeler and loses puck.
12:03 of 3rd period - Shot by Cole Caufield.
12:03 of 3rd period - Stopped by Jacob Markstrom without a rebound.
12:04 of 3rd period - Ryan Carpenter wins face-off versus Kirby Dach in BOSTON Bruins zone.
12:22 of 3rd period - Shot by Keegan Kolesar.
12:22 of 3rd period - Deflect By Jayce Hawryluk.
12:22 of 3rd period - Shot Blocked by Matt Dumba.
12:24 of 3rd period - Shot by Brady Skjei.
12:24 of 3rd period - Stopped by Jacob Markstrom without a rebound.
12:24 of 3rd period - Minor Penalty to Dmitri Orlov for Tripping.
12:25 of 3rd period - Ryan Nugent-Hopkins wins face-off versus Andre Burakovsky in BOSTON Bruins zone.
13:02 of 3rd period - Shot by J.T. Miller.
13:02 of 3rd period - Stopped by Jacob Markstrom without a rebound.
13:03 of 3rd period - Alex Kerfoot wins face-off versus Elias Pettersson in BOSTON Bruins zone.
13:40 of 3rd period - Shot by Jakub Zboril.
13:40 of 3rd period - Stopped by Jacob Markstrom with a rebound.
13:42 of 3rd period - Shot by Alex Galchenyuk.
13:42 of 3rd period - Stopped by Jacob Markstrom with a rebound.
13:44 of 3rd period - Shot by Jakub Zboril.
13:44 of 3rd period - Stopped by Jacob Markstrom with a rebound.
14:06 of 3rd period - Shot by Pavel Zacha.
14:06 of 3rd period - Shot Misses the Net.
14:08 of 3rd period - Shot by Nick Seeler.
14:08 of 3rd period - Stopped by Jacob Markstrom without a rebound.
14:09 of 3rd period - Ryan Nugent-Hopkins wins face-off versus Andre Burakovsky in BOSTON Bruins zone.
14:41 of 3rd period - Philip Kurashev is hit by Max Lajoie and loses puck.
15:25 of 3rd period - Minor Penalty to Chris Kreider for Hooking.
15:26 of 3rd period - Andre Burakovsky wins face-off versus Ryan Nugent-Hopkins in BOSTON Bruins zone.
15:35 of 3rd period - Shot by Ryan Nugent-Hopkins.
15:35 of 3rd period - Deflect By Pavel Zacha.
15:35 of 3rd period - Shot Blocked by Mikael Granlund.
15:51 of 3rd period - Shot by Nikita Zaitsev.
15:51 of 3rd period - Stopped by Jacob Markstrom without a rebound.
15:52 of 3rd period - Alex Kerfoot wins face-off versus Andre Burakovsky in BOSTON Bruins zone.
16:58 of 3rd period - Icing by Nikita Zaitsev.
16:59 of 3rd period - Ryan Nugent-Hopkins wins face-off versus Elias Pettersson in LAS VEGAS Golden Knights zone.
17:37 of 3rd period - Minor Penalty to Brady Skjei for Interference.
17:37 of 3rd period - Minor Penalty to Zachary Senyshyn for Roughing.
17:38 of 3rd period - Ryan Nugent-Hopkins wins face-off versus Chris Kreider in LAS VEGAS Golden Knights zone.
17:38 of 3rd period - Ryan Nugent-Hopkins is hit by Chris Kreider.
18:06 of 3rd period - Shot by Andre Burakovsky.
18:06 of 3rd period - Shot Misses the Net.
18:08 of 3rd period - Shot by Andre Burakovsky.
18:08 of 3rd period - Shot Misses the Net.
18:34 of 3rd period - Shot by Mikael Granlund.
18:34 of 3rd period - Shot Blocked by J.T. Miller.
18:56 of 3rd period - Rasmus Andersson is hit by J.T. Miller and loses puck.
19:40 of 3rd period - Shot by Ryan Carpenter .
19:40 of 3rd period - Shot Misses the Net.
19:42 of 3rd period - Shot by Walker Duehr.
19:42 of 3rd period - Shot Misses the Net.
19:44 of 3rd period - Shot by Henri Jokiharju.
19:44 of 3rd period - Shot Misses the Net.
19:46 of 3rd period - Shot by Brandon Tanev.
19:46 of 3rd period - Stopped by Dan Vladar without a rebound.
19:47 of 3rd period - Kirby Dach wins face-off versus Thomas Novak in LAS VEGAS Golden Knights zone.
Goals for this period are 1 for BOSTON Bruins vs 0 for LAS VEGAS Golden Knights.
Shots for this period are 10 for BOSTON Bruins vs 9 for LAS VEGAS Golden Knights.